 Dungeon Crawl Stone Soup version 0.26.0-45-g9c1d065592 (webtiles) character file.

Game seed: 10491697043509068676

2392 Qrupt the Skirmisher (level 9, -2/83 (84) HPs)
             Began as a Palentonga Abyssal Knight on Jan 30, 2021.
             Was an Elder of Lugonu.
             Slain by a purple ugly thing (13 damage)
             ... on level 8 of the Dungeon.
             The game lasted 00:25:13 (10837 turns).

Qrupt the Skirmisher (Palentonga Abyssal Knight)   Turns: 10837, Time: 00:25:14

HP:   -2/83 (84)    AC: 24    Str: 18 (19) XL:     9   Next: 22%
MP:   14/14         EV:  3    Int: 13      God:    Lugonu [****..]
Gold: 374           SH:  0    Dex:  4 (9)  Spells: 8/8 levels left

rFire    . . .     SeeInvis +   i - +4 long sword (curse)
rCold    . . .     Faith    .   (no shield)
rNeg     + . .     Spirit   .   g - +0 chain mail
rPois    .         Reflect  .   (no helmet)
rElec    .         Harm     .   f - +0 cloak
rCorr    .         Rampage  .   z - +1 pair of gloves
Will     .....                  h - +0 barding
Stlth    ..........             (no amulet)
HPRegen  0.23/turn              o - ring of positive energy
MPRegen  0.14/turn              t - ring of stealth

@: mighty, lightly drained, curled up
A: large, rugged brown scales 3, see invisible, deformed body, roll 1, armoured
tail, reflexive curl
a: Rolling Charge, Renounce Religion, Depart the Abyss, Bend Space, Banish,
Corrupt


You were on level 8 of the Dungeon.
You worshipped Lugonu.
Lugonu was greatly pleased with you.
You visited 1 branch of the dungeon, and saw 8 of its levels.
You visited the Abyss 1 time.

You collected 374 gold pieces.

Inventory:

Hand Weapons
 a - a +1 falchion
 i - a cursed +4 long sword (weapon)
 m - a +0 great sword
Missiles
 e - 47 poisoned darts (quivered)
Armour
 f - a +0 cloak (worn)
 g - a +0 chain mail (worn)
 h - a +0 barding (worn)
 z - a +1 pair of gloves (worn)
Jewellery
 d - an uncursed ring of positive energy
 j - an uncursed ring of flight
 o - a ring of positive energy (left hand)
 t - a ring of stealth (right hand)
 y - an uncursed ring of wizardry
Wands
 s - a wand of digging (3)
 u - a wand of disintegration (13)
 w - a wand of flame (20)
Scrolls
 b - 4 scrolls of teleportation
 c - 3 scrolls of remove curse
 n - 2 scrolls of enchant weapon {unknown}
 p - 5 scrolls of fog
 q - 3 scrolls of amnesia
 r - a scroll of silence {unknown}
 v - 3 scrolls of identify
 x - 2 scrolls of enchant armour
 A - a scroll of blinking {unknown}
 B - a scroll of immolation {unknown}
Potions
 k - 4 potions of flight
 l - a potion of might


   Skills:
 + Level 7.0 Fighting
 + Level 6.5 Long Blades
 + Level 5.4 Armour
 - Level 0.8 Dodging
 + Level 6.8 Invocations


You had 8 spell levels left.
You didn't know any spells.
Your spell library contained the following spells:

 Spells                   Type           Power        Failure   Level
 Foxfire                  Conj/Fire      0%           98%         1
 Magic Dart               Conj           0%           98%         1
 Blink                    Tloc           N/A          99%         2
 Call Imp                 Summ           0%           99%         2
 Slow                     Hex            0%           99%         2
 Conjure Flame            Conj/Fire      0%           100%        3
 Inner Flame              Hex/Fire       0%           100%        3
 Mephitic Cloud           Conj/Pois/Air  0%           100%        3
 Sticky Flame             Conj/Fire      0%           100%        4
 Fireball                 Conj/Fire      0%           100%        5


Dungeon Overview and Level Annotations

Branches:
Dungeon (8/15)             Temple (0/1) D:4
   Lair: D:8-11

Altars:
Gozag
Hepliaklqana
Kikubaaqudgha
Makhleb
Uskayaw

Annotations:
D:4 1 runed translucent door, Mattiprrivan's ghost, amateur MfFi
D:7 Maggie
D:8 Erica


Innate Abilities, Weirdness & Mutations

You are completely covered in rugged brown scales. (AC +3, +7% HP)
You have supernaturally acute eyesight. (SInv)
Armour fits poorly on your strangely shaped body.
You can roll at nearby foes to attack.
You have a long armoured tail.
You curl defensively after being hit.


Message History

The purple ugly thing kicks you but does no damage.
You closely miss the purple ugly thing.
The purple ugly thing is severely wounded.
The purple ugly thing kicks you but does no damage.
The purple ugly thing kicks you.
* * * LOW HITPOINT WARNING * * *
You slash the purple ugly thing!
The purple ugly thing is almost dead.
A gnoll comes into view.
It is wielding a +2 antimagic spear and carrying a wand of enslavement (10).
The purple ugly thing kicks you but does no damage.
You closely miss the purple ugly thing.
The purple ugly thing is almost dead.
The gnoll shouts!
You hear a bellow! x2
The gnoll zaps a wand.
You easily resist.
The purple ugly thing kicks you.
* * * LOW HITPOINT WARNING * * *
You hear a shout!
You slash the purple ugly thing!
The purple ugly thing is almost dead.
The purple ugly thing kicks you!
You die...

#..#.#..#..#.#.
...#..###.#.#..
##...# ##.#.###
.#. #.#.#.## ..
##.##..####
.....).#.#.#...
######.#.#.#g#
#....#..#
#.##...@# .'.
####u# #.#. .z#
....#. [#.# ###
###.# =. ###
(.. .. .. ..
... #. .. ..
.## #. .# ..
#y####.##># #


You could see a purple ugly thing, a wight and a gnoll.

Vanquished Creatures
  Grinder (D:3)
  Menkaure (D:7)
  A sky beast (D:6)
  2 orc warriors
  An ogre (D:6)
  2 phantoms
  2 centaurs
  2 bullfrogs (D:6)
  6 killer bees
  2 wights
  2 howler monkeys
  A bullfrog zombie (D:8)
  2 hounds
  A jelly (D:6)
  A quasit (D:8)
  4 orc priests
  Natasha (twice) (D:3)
  Terence (D:3)
  5 orc wizards
  2 iguanas
  A worker ant (D:4)
  A worker ant zombie (D:7)
  2 hound skeletons (D:4)
  4 gnolls
  8 adders
  2 white imps
  6 worms
  An adder skeleton (D:6)
  An adder zombie (D:8)
  2 dart slugs
  2 leopard geckos
  17 orcs
  A ball python (D:6)
  4 giant cockroaches
  12 goblins
  6 hobgoblins
  2 jackals (D:2)
  8 bats
  6 frilled lizards
  A jackal zombie (D:6)
  13 kobolds
  A leopard gecko zombie (D:5)
  12 rats
154 creatures vanquished.

Vanquished Creatures (others)
  2 orc wizards (D:5)
  6 plants (D:8)
8 creatures vanquished.

Grand Total: 162 creatures vanquished

Notes
Turn   | Place    | Note
-------+----------+-------------------------------------------
     0 | Abyss:1  | Qrupt the Palentonga Abyssal Knight began the quest for the
                  | Orb.
     0 | Abyss:1  | Reached XP level 1. HP: 20/20 MP: 2/2
     0 | Abyss:1  | Found a corrupted altar of Lugonu.
    33 | Abyss:1  | Noticed a quasit
    48 | Abyss:1  | Noticed a thrashing horror
    49 | Abyss:1  | Noticed an ancient zyme
    50 | Abyss:1  | Noticed a glowing orange brain
    51 | D:1      | Escaped the Abyss
   228 | D:1      | Reached * piety under Lugonu
   610 | D:1      | Reached XP level 2. HP: 27/27 MP: 3/3
  1205 | D:1      | Reached XP level 3. HP: 33/33 MP: 4/4
  1532 | D:2      | Reached ** piety under Lugonu
  2415 | D:3      | Noticed Grinder
  2502 | D:3      | Reached XP level 4. HP: 42/42 MP: 5/5
  2546 | D:3      | Paralysed by Grinder for 6 turns
  2554 | D:3      | Paralysed by Grinder for 7 turns
  2586 | D:3      | Paralysed by Grinder for 7 turns
  2597 | D:3      | Paralysed by Grinder for 4 turns
  2602 | D:3      | Killed Grinder
  2603 | D:3      | Reached skill level 4 in Fighting
  2603 | D:3      | Reached XP level 5. HP: 17/50 MP: 5/7
  2828 | D:3      | Reached XP level 6. HP: 42/56 MP: 8/8
  3017 | D:3      | You fall into a shaft and drop 3 floors!
  3446 | D:6      | Reached *** piety under Lugonu
  3924 | D:6      | Reached skill level 5 in Fighting
  3924 | D:6      | Gained mutation: You curl defensively after being hit.
                  | [Palentonga growth]
  3924 | D:6      | Reached XP level 7. HP: 42/65 MP: 10/10
  4465 | D:6      | Found a hazy altar of Hepliaklqana.
  4494 | D:5      | Entered Level 5 of the Dungeon
  4866 | D:5      | Reached skill level 5 in Invocations
  5260 | D:5      | Reached skill level 5 in Long Blades
  5260 | D:5      | Reached XP level 8. HP: 57/74 MP: 11/11
  5976 | D:4      | Reached skill level 6 in Fighting
  6370 | D:4      | Found a runed translucent door.
  6370 | D:4      | Noticed Mattiprrivan's ghost (amateur MfFi)
  6559 | D:4      | Found a staircase to the Ecumenical Temple.
  6570 | D:4      | Found a burning altar of Makhleb.
  6570 | D:4      | Found a hide-covered altar of Uskayaw.
  6575 | D:4      | Found an ancient bone altar of Kikubaaqudgha.
  6919 | D:4      | Found an opulent altar of Gozag.
  7129 | D:3      | Noticed Terence
  7129 | D:3      | Noticed Natasha
  7139 | D:3      | Killed Natasha
  7154 | D:3      | Killed Terence
  7492 | D:3      | Noticed Natasha
  7499 | D:3      | Killed Natasha
  8122 | D:7      | Noticed Menkaure
  8301 | D:7      | Killed Menkaure
  8688 | D:7      | Noticed Maggie
  8871 | D:7      | Reached skill level 5 in Armour
  9412 | D:7      | Reached **** piety under Lugonu
  9512 | D:8      | Noticed Erica
  9960 | D:8      | Reached XP level 9. HP: 58/78 MP: 13/13
 10724 | D:8      | Reached skill level 7 in Fighting
 10822 | D:8      | Noticed a purple ugly thing
 10837 | D:8      | Slain by a purple ugly thing

Illustrated notes

Levels and vault maps discovered:
D:1:      saegor_arrival_miasma, layout_basic
D:2:      layout_basic, minmay_three_crescents
D:3:      layout_basic, uniq_grinder, uniq_terence, uniq_natasha
D:4:      layout_basic, lemuel_crystal_altar, grunt_temple_overflow_open,
          temple_fountains, ebering_ghost_reflecting_pool
D:5:      layout_basic
D:6:      layout_basic, nzn_hepliaklqana_mist_gate
D:7:      layout_gridville, uniq_menkaure, uniq_maggie, uniq_joseph
D:8:      layout_loops_cross, grunt_temple_overflow_octagram, serial_shops,
          kennysheep_little_box, minmay_shattered_shrine, uniq_erica

Skill      XL: |  1  2  3  4  5  6  7  8  9 |
---------------+----------------------------+-----
Armour         | 2 3 4 5 |  5.4
Fighting       | 4 5 6 7 |  7.0
Long Blades    | 3 4 5 6 |  6.5
Invocations    | 3 4 5 6 |  6.8
Dodging        | |  0.8

Action                   |  1- 3 |  4- 6 |  7- 9 || total
-------------------------+-------+-------+-------++-------
Melee: Falchion          |   177 |   131 |   330 ||   638
       Tailslap          |    13 |     7 |    41 ||    61
       Long sword        |       |       |   121 ||   121
Throw: Dart              |       |     5 |    28 ||    33
Invok: Depart the Abyss  |     1 |       |       ||     1
       Bend Space        |       |     1 |       ||     1
 Abil: Rolling Charge    |    22 |    14 |    18 ||    54
Evoke: Wand              |       |       |     2 ||     2
  Use: Potion            |       |     6 |     7 ||    13
       Scroll            |       |       |    10 ||    10
 Stab: Invisible         |       |       |     2 ||     2
Armor: Leather armour    |    12 |       |       ||    12
       Chain mail        |   153 |    80 |   412 ||   645
       Skin              |       |    12 |       ||    12
Dodge: Dodged            |    28 |    18 |    98 ||   144
       Rpst.: Falchion   |     8 |     6 |    16 ||    30
       Long sword        |       |       |    12 ||    12
